 Dungeon Crawl Stone Soup version 0.29.1-15-g9cfb28693d (webtiles) character file.

Game seed: 6793616968560441105

7 hawla the Chiller (level 2, -8/20 HPs)
             Began as a Meteoran Ice Elementalist on Mar 4, 2023.
             Killed from afar by an orc (9 damage)
             ... with a puff of flame
             ... on level 4 of the Dungeon.
             The game lasted 00:01:17 (56 turns).

hawla the Chiller (Meteoran Ice Elementalist)         Turns: 56, Time: 00:01:18

Health: -8/20      AC:  2    Str:  9    XL:     2   Next: 23%
Magic:  5/6        EV: 12    Int: 16    God:
Gold:   26         SH:  0    Dex: 14    Spells: 5/6 levels left

rFire   . . .      SeeInvis .   (no weapon)
rCold   . . .      Faith    .   (no shield)
rNeg    . . .      Spirit   .   a - +0 robe
rPois   .          Reflect  .   (no helmet)
rElec   .          Harm     .   (no cloak)
rCorr   .          Rampage  .   (no gloves)
Will    .....                   (no boots)
Stlth   +.........              (no amulet)
HPRegen 0.06/turn               (no ring)
MPRegen 0.10/turn               (no ring)

@: glowing
A: sense surroundings 1, otherworldly, glowing, explore regen
a: no special abilities


You were on level 4 of the Dungeon.
You visited 1 branch of the dungeon, and saw 4 of its levels.

You collected 26 gold pieces.

Inventory:

Armour
 a - a +0 robe (worn)
Potions
 b - a potion of magic


   Skills:
 + Level 2.4 Dodging
 - Level 1.4 Stealth
 + Level 2.8 Spellcasting
 + Level 4.8 Ice Magic


You had 5 spell levels left.
You knew the following spells:

 Your Spells              Type           Power      Damage    Failure   Level
a - Freeze                Ice            68%        1d8       2%          1

Your spell library contained the following spells:

 Spells                   Type           Power      Damage    Failure   Level
 Frozen Ramparts          Ice            34%        1d6       8%          3
 Ozocubu's Armour         Ice            17%        N/A       8%          3
 Hailstorm                Conj/Ice       9%         3d4       56%         4


Dungeon Overview and Level Annotations

Branches:
Dungeon (4/15) Zot: 2343
 Temple: D:4-7

Altars:

Annotations:
D:4 Grinder


Innate Abilities, Weirdness & Mutations

You passively map a small area around you.
You are easily found by Zot.
You glow in the dark.
You regain HP and MP as you explore.


Message History

There is a stone staircase leading down here.
Things that are here:
a +0 club; a goblin corpse HP restored.
You see here a +0 ring mail.
A rat comes into view.
You see here 18 gold pieces.
You now have 26 gold pieces (gained 18).
The rat twitches its whiskers.
There is a stone staircase leading down here.
Things that are here:
a +0 club; a goblin corpse The rat twitches its whiskers.
Casting: Freeze (safe; 2% risk of failure)
Confirm with . or Enter, or press ? or * to list all spells.
Aiming: Freeze (safe; 2% risk of failure)
Press: ? - help, Shift-Dir - straight line, f - rat
Aim: a rat You freeze the rat.
You kill the rat!
You climb downwards.
Grinder shouts!
You hear a shout!
Found 9 gold pieces and a fizzy coppery potion.
Found an escape hatch in the ceiling.
Found a stone staircase leading down.
There is a stone staircase leading up here.
Grinder gestures at you. You resist with significant effort.
There is a stone staircase leading down here.
Grinder gestures at you.
You suddenly lose the ability to move!
You stop descending the stairs.
Grinder blinks!
An orc comes into view.
It is wielding a +0 dagger and carrying a wand of flame (17).
Grinder says, "DUCK!"
Grinder hits you!
You writhe in agony.
The orc zaps a wand.
The puff of flame hits you.
* * * LOW HITPOINT WARNING * * *
Grinder blinks!
You can move again.
The orc zaps a wand.
The puff of flame hits you!
You die...

############
##.........!##
##............##
#..............#
#...$...<......#
#..............#
o......@.......#
,
#.....§........#
,
######..5......#
∩ #.........# *
,..........# ,*
,⌠,...####<...#
, ... .... ,
,∩.∩## * ### *


You could see Grinder and an orc.

Vanquished Creatures
  2 orcs (D:3)
  2 goblins (D:3)
  A rat (D:3)
5 creatures vanquished.

Notes
Turn   | Place    | Note
-------+----------+-------------------------------------------
     0 | D:1      | hawla the Meteoran Ice Elementalist began the quest for the
                  | Orb.
     0 | D:1      | Reached XP level 1. HP: 14/14 MP: 5/5
     3 | D:1      | You fall into a shaft and drop 1 floor!
    24 | D:3      | Reached XP level 2. HP: 19/20 MP: 2/6
    49 | D:4      | Noticed Grinder
    52 | D:4      | Paralysed by Grinder for 4 turns
    55 | D:4      | HP: 1/20 [orc/puff of flame (6)]
    56 | D:4      | Killed from afar by an orc

Illustrated notes

Levels and vault maps discovered:
D:1:      dpeg_arrival_boxorama, layout_basic
D:2:      layout_basic
D:3:      layout_loops_ring, trog_three_pillars_becter
D:4:      layout_rooms, nicolae_shop_clearance, uniq_natasha, uniq_grinder

Action                   || total
-------------------------++-------
 Cast: Freeze            ||     6
Dodge: Dodged            ||     1
